 Dungeon Crawl Stone Soup version 0.30-b1-2-g02819fbbbe (webtiles) character file.

Game seed: 17351821835052918338

317 Haddock003 the Chiller (level 6, -3/46 HPs)
             Began as a Human Ice Elementalist on Sept 12, 2023.
             Was an Initiate of Gozag.
             Killed by divine providence
             ... invoked by an orc priest
              (18 damage)
             ... on level 5 of the Dungeon.
             The game lasted 00:15:50 (4541 turns).

Haddock003 the Chiller (Human Ice Elementalist)     Turns: 4541, Time: 00:15:51

Health: -3/46      AC:  3    Str:  9    XL:     6   Next: 73%
Magic:  8/10       EV: 11    Int: 17    God:    Gozag
Gold:   200        SH:  4    Dex: 13    Spells: 3/11 levels left

rFire   . . .        e - +8 demon blade "Leech" {evervamp, Harm Drain rN+}
rCold   . . .        q - +0 buckler
rNeg    + . .        a - +0 robe
rPois   .            (no helmet)
rElec   .            l - scarf {repulsion}
rCorr   +            (no gloves)
SInv    .            A - +0 pair of boots
Will    .....        t - amulet of magic regeneration
Stlth   ++           r - ring of resist corrosion
HPRegen 0.27/turn    (no ring)
MPRegen 0.52/turn

%: harm (+30% outgoing, +20% incoming), repel missiles
@: freezing walls
A: no striking features
a: Renounce Religion, Potion Petition, Call Merchant, Bribe Branch


You were on level 5 of the Dungeon.
You worshipped Gozag.
Gozag was aware of your devotion.
You visited 2 branches of the dungeon, and saw 6 of its levels.
You also visited: Sewer.

You collected 1185 gold pieces.
You spent 936 gold pieces at shops.
You paid 49 gold pieces to Gozag.

Inventory:

Hand Weapons
 e - the +8 demon blade "Leech" (weapon) {evervamp, Harm Drain rN+}
   (You bought it in a shop on level 3 of the Dungeon)

   rN:        It protects you from negative energy.
   Drain:     It drains your maximum health when unequipped.
   Harm:      It increases damage dealt and taken.
Armour
 a - a +0 robe (worn)
 l - a scarf of repulsion (worn)
 o - a +0 ring mail of cold resistance
 q - a +0 buckler (worn)
 A - a +0 pair of boots (worn)
Jewellery
 r - a ring of resist corrosion (left hand)
 t - an amulet of magic regeneration (around neck)
Scrolls
 c - a scroll of summoning
 n - a scroll of enchant weapon
 w - a scroll of brand weapon
 x - a scroll of fog {unknown}
 y - a scroll of poison {unknown}
Potions
 b - 2 potions of magic
 f - 4 potions of lignification
 g - a potion of brilliance
 i - 3 potions of curing
 j - a potion of berserk rage
 k - a potion of heal wounds
 m - 2 potions of might
 p - a potion of resistance
 u - a potion of flight
 v - a potion of haste {unknown}
 z - a potion of cancellation {unknown}


   Skills:
 + Level 2.4 Fighting
 * Level 2.5 Long Blades
 - Level 2.0 Dodging
 - Level 2.0 Stealth
 * Level 2.7 Shields
 - Level 3.0 Spellcasting
 - Level 5.0 Ice Magic


You had 3 spell levels left.
You knew the following spells:

 Your Spells              Type           Power      Damage    Failure   Level
a - Freeze                Ice            76%        1d8       3%          1
b - Frozen Ramparts       Ice            38%        1d6       10%         3
c - Summon Ice Beast      Ice/Summ       11%        N/A       67%         4

Your spell library contained the following spells:

 Spells                   Type           Power      Damage    Failure   Level
 Ozocubu's Armour         Ice            19%        N/A       10%         3
 Gell's Gravitas          Tloc           2%         N/A       61%         3
 Inner Flame              Hex/Fire       2%         N/A       61%         3
 Teleport Other           Tloc           2%         N/A       61%         3
 Ice Form                 Ice/Tmut       11%        N/A       67%         4
 Yara's Violent Unravell  Hex/Tmut       1%         3d3       100%        5
 Dispersal                Tloc           1%         N/A       100%        6
 Enfeeble                 Hex            1%         N/A       100%        7


Dungeon Overview and Level Annotations

Branches:
Dungeon (5/15)             Temple (1/1) D:4           Sewer (visited)

Altars:
Ashenzari
Cheibriados
Dithmenos
Elyvilon
Fedhas
Gozag
Kikubaaqudgha
Makhleb
Nemelex Xobeh
Ru
Sif Muna
Trog
Uskayaw
Vehumet
Wu Jian
Zin
The Shining One

Shops:
D:1 (   D:3 =(*(

Annotations:
D:3 exclusion: sky beast


Message History

You hit the orc.
The orc is severely wounded.
You hear a shout!
The orc hits you with a +0 dagger.
You hear some strange, mumbled words.
A magic dart appears from out of thin air!
The magic dart hits you! Something hits you. The orc closely misses you.
You slash the orc!
You feel better.
You kill the orc!
The orc is no longer distracted by gold.
You hear some strange, mumbled words.
A magic dart appears from out of thin air!
The magic dart hits you.
The orc priest mumbles some strange prayers to Beogh against you.
Beogh smites you!
You are too injured to fight recklessly!
Unknown command.
Something hits you.
You see here a +0 short sword.
The orc is distracted by your dazzling golden aura.
Casting: Frozen Ramparts (dangerous; 10% risk of failure)
Confirm with . or Enter, or press ? or * to list all spells.
Casting: Frozen Ramparts (dangerous; 10% risk of failure)
Press: ? - help, Dir - look around, f - activate The walls around you are covered in ice.
The orc shouts!
The wall freezes something but does no damage.
Something hits you.
Your frozen ramparts will break if you move.
Continue?
Okay, then.
Hit: e) +8 demon blade "Leech" {evervamp, Harm Drain rN+}
Press: ? - help, Dir - move target You miss something.
The wall freezes something but does no damage.
You hear some strange, mumbled words.
Something tries to affect you, but you resist.
The orc priest calls down the wrath of Beogh upon you.
Beogh smites you!
You die...
Your body crumbles into a pile of gold.

#.###..#.##.####.#
§≈§....#....§§#.##....#.#
.§§≈≈≈.§§_.§....##......
.....§≈§...≈≈§..##....# #
≈§§....§≈§§≈≈...##.#.##.#
≈≈§§≈...≈§§........$....#
§§§≈≈≈§§..§..≈......o.#
.....≈§§...≈§§.###).oo#
.......≈≈≈≈§§.§.@{.###?o.#
###<##......§####### #.#
#.###.##..####### # #.#
#....§......# ...
####!.#####.# ... #..#
#...# #..# ##.## #..# #.#
#..#


You could see an orc priest and 2 orcs.

Vanquished Creatures
  A jelly (D:5)
  An orc priest (D:4)
  2 orc wizards
  4 gnolls (D:4)
  4 adders
  A river rat (Sewer)
  An ufetubus (D:5)
  3 dart slugs
  9 orcs
  12 ball pythons
  7 endoplasms
  5 giant cockroaches
  11 goblins
  7 hobgoblins
  11 jackals
  2 quokkas
  3 bats
  5 frilled lizards
  5 kobolds
  5 rats
99 creatures vanquished.

Vanquished Creatures (others)
  3 plants (D:3)
3 creatures vanquished.

Grand Total: 102 creatures vanquished

Notes
Turn   | Place    | Note
-------+----------+-------------------------------------------
     0 | D:1      | Haddock003 the Human Ice Elementalist began the quest for
                  | the Orb.
     0 | D:1      | Reached XP level 1. HP: 13/13 MP: 3/3
   285 | D:1      | Reached XP level 2. HP: 19/20 MP: 3/5
   439 | D:1      | Reached skill level 1 in Fighting
   665 | D:1      | Reached XP level 3. HP: 26/26 MP: 3/6
   808 | D:1      | Learned a level 3 spell: Frozen Ramparts
   857 | D:1      | Found Taonuguyr's Antique Weapon Shop.
  1327 | D:2      | Found a faded altar of an unknown god.
  1339 | D:2      | Reached XP level 4. HP: 31/32 MP: 4/8
  1646 | D:2      | Found Kokhlynarch's Book Boutique.
  1865 | D:3      | Learned a level 4 spell: Summon Ice Beast
  1870 | D:3      | Found Caicorea's Assorted Antiques.
  2081 | D:3      | Noticed a sky beast
  2166 | D:3      | Found Duosiwk's Jewellery Shop.
  2383 | D:3      | Found Neem's Antique Weapon Emporium.
  2406 | D:3      | Found Biridaqa's General Store.
  2412 | D:3      | Found Zesh's Weapon Shoppe.
  2425 | D:3      | Bought a potion of curing for 30 gold pieces
  2760 | D:4      | Identified a scroll of acquirement
  2760 | D:4      | Acquired 951 gold pieces
  2822 | D:3      | Bought the +8 demon blade "Leech" {evervamp, Harm Drain
                  | rN+} for 906 gold pieces
  2822 | D:3      | Found the +8 demon blade "Leech" {evervamp, Harm Drain rN+}
  2864 | D:4      | Found a staircase to the Ecumenical Temple.
  2945 | D:3      | Reached skill level 1 in Shields
  2945 | D:3      | Reached XP level 5. HP: 37/37 MP: 9/9
  3048 | D:4      | Found a glowing drain.
  3052 | Sewer    | Entered a sewer
  3447 | D:3      | Reached skill level 1 in Long Blades
  3447 | D:3      | Reached skill level 5 in Ice Magic
  3651 | D:4      | Reached XP level 6. HP: 44/44 MP: 10/10
  3706 | Temple   | Entered the Ecumenical Temple
  3935 | Temple   | Became a worshipper of Gozag Ym Sagoz the Greedy
  4496 | D:5      | Entered Level 5 of the Dungeon
  4496 | D:5      | Found a sparkling altar of Nemelex Xobeh.
  4497 | D:5      | Found a shadowy altar of Dithmenos.
  4541 | D:5      | Killed from afar by an orc priest

Illustrated notes

Levels and vault maps discovered:
D:1:      kennysheep_arrival_forest, layout_loops_ring, serial_shops, shop
D:2:      layout_rooms, hellmonk_ecumenical_altar_zigzags, serial_shops,
          nicolae_shop_window_shopping
D:3:      layout_basic, serial_shops, shop, nicolae_shop_tiny_glass,
          shop_fountains, nicolae_shop_getting_attention, shop,
          serial_bayou_pond_a, serial_park_tiny_2, feat_on_display
D:4:      layout_rooms, minmay_temple_entry_ruins, gup_sewer_entry_bowl,
          dreamdust_princess_bridge, minmay_misc_feat_four_crosses
D:5:      layout_loops_ring, mainiacjoe_overflow_catch_the_wave,
          nicolae_overflow_squiral
Temple:   regret_index_temple_generic_petals

Skill      XL: |  1  2  3  4  5  6 |
---------------+-------------------+-----
Fighting       | 1 2 |  2.4
Shields        | 1 2 |  2.7
Spellcasting   | 3 |  3.0
Long Blades    | 1 2 |  2.5
Ice Magic      | 5 |  5.0
Dodging        | |  2.0
Stealth        | |  2.0

Action                     |  1- 3 |  4- 6 || total
---------------------------+-------+-------++-------
  Melee: Dagger            |    15 |     7 ||    22
         Demon blade       |       |    80 ||    80
   Cast: Freeze            |    45 |    31 ||    76
         Frozen Ramparts   |       |     3 ||     3
    Use: Scroll            |       |    15 ||    15
         Potion            |       |     1 ||     1
   Stab: Sleeping          |     2 |     9 ||    11
 Armour: Robe              |     7 |    17 ||    24
  Dodge: Dodged            |    26 |    62 ||    88
  Block: Buckler           |       |    18 ||    18
